 Dungeon Crawl Stone Soup version 0.24-a0-307-gf989941d98 (webtiles) character file.

Game seed: 18279639183537828720

81 HAL9000 the Vexing (level 4, 0/21 HPs)
             Began as a Vine Stalker Enchanter on May 12, 2019.
             Slain by Terence
             ... wielding a +3 short sword of freezing
              (3 damage)
             ... on level 2 of the Dungeon.
             The game lasted 00:03:35 (1492 turns).

HAL9000 the Vexing (Vine Stalker Enchanter)         Turns: 1492, Time: 00:03:35

Health: 0/21       AC:  3    Str: 10    XL:     4   Next: 42%
Magic:  0/8        EV: 12    Int: 16    God:
Gold:   133        SH:  0    Dex: 15    Spells: 1/7 levels left

rFire    . . .     SeeInvis .   a - +1 dagger
rCold    . . .     Gourm    .   (no shield)
rNeg     . . .     Faith    .   b - +0 robe
rPois    .         Spirit   +   k - +0 helmet
rElec    .         Reflect  .   (no cloak)
rCorr    .         Harm     .   (no gloves)
MR       .....                  (no boots)
Stlth    ++........             (no amulet)
HPRegen  0.47/turn              (no ring)
MPRegen  0.11/turn              (no ring)

@: no status effects
A: fangs 2, regeneration 1, magic shield, antimagic bite, no potion heal 3, rot
immunity
a: no special abilities


You were on level 2 of the Dungeon.
You were near starving.

You visited 1 branch of the dungeon, and saw 2 of its levels.

You collected 133 gold pieces.

Inventory:

Hand Weapons
 a - a +1 dagger (weapon)
Armour
 b - a +0 robe (worn)
 k - a +0 helmet (worn)
Scrolls
 c - 2 scrolls of fog {unknown}
 e - 2 scrolls of identify {unknown}
 f - 3 scrolls of teleportation {unknown}
 h - a scroll of enchant armour {unknown}
 j - a scroll of amnesia {unknown}
 l - a scroll of random uselessness {unknown}
 m - a scroll of enchant weapon {unknown}
 n - a scroll of noise {unknown}
Potions
 g - a potion of lignification {unknown}
 i - a potion of mutation {unknown}
 o - 2 potions of degeneration {unknown}
 p - a potion of might {unknown}
Comestibles
 d - 4 rations


   Skills:
 + Level 1.4 Short Blades
 - Level 1.5 Dodging
 - Level 3.6 Stealth
 - Level 2.1 Spellcasting
 + Level 4.9 Hexes


You had one spell level left.
You knew the following spells:

 Your Spells              Type           Power        Failure   Level  Hunger
a - Corona                Hex            ###....      2%          1    #......
b - Ensorcelled Hibernat  Hex/Ice        #.....       11%         2    ###....
c - Confuse               Hex            ###.....     9%          3    ###....

Your spell library contained the following spells:

 Spells                   Type           Power        Failure   Level  Hunger
 Confusing Touch          Hex            ###...       2%          1    #......
 Animate Skeleton         Necr           N/A          21%         1    #......
 Apportation              Tloc           #.....       21%         1    #......
 Summon Small Mammal      Summ           #...         21%         1    #......
 Tukima's Dance           Hex            ###.....     9%          3    ###....
 Dazzling Spray           Conj/Hex       #.....       22%         3    ###....


Dungeon Overview and Level Annotations

Branches:
Dungeon (2/15)

Altars:

Annotations:
D:2 Terence


Innate Abilities, Weirdness & Mutations

You have extremely sharp teeth.
Your natural rate of healing is unusually fast.
When hurt, damage is shared between your health and your magic reserves.
Your bite disrupts and absorbs the magic of your enemies.
Potions cannot restore your health.
You are immune to rotting.


Message History

You hit Terence but do no damage.
Terence is severely wounded.
Terence hits you with a +3 short sword of freezing.
Terence freezes you.
You hit Terence.
Terence is almost dead.
Terence barely misses you.
You completely miss Terence.
Terence is almost dead.
Terence closely misses you.
You hit Terence but do no damage. You bite Terence, but do no damage.
Terence is almost dead.
Terence hits you with a +3 short sword of freezing!
Terence freezes you.
You hit Terence but do no damage. You bite Terence, but do no damage.
Terence is almost dead.
Terence hits you with a +3 short sword of freezing.
* * * LOW HITPOINT WARNING * * *
Terence freezes you.
You die...

.##....÷....##.#......#.....#
###.........##.#......#....(#
#.........##.#......#.....#
###.........##.#......#.....#####
......................'.....'....
#######..######...r...#.....#####
##.## #r###+#####...# ##..###
#@###.#####...##### #.....#
#.@...##r.......... #.....#
#.....##.##...##### #.....#
#.÷...##.###### ####+##
#.............##### #
#.............##... #
#............†##.## #
#.....##.#######.# #
#.....##.#######.# #
#.....##.....r...#


You could see Terence and a rat.

Vanquished Creatures
  Jessica (D:2)
  An adder (D:2)
  3 worms (D:2)
  4 dart slugs
  A ball python (D:2)
  5 bats
  3 goblins (D:1)
  2 hobgoblins (D:1)
  4 jackals (D:2)
  A kobold (D:1)
  A frilled lizard (D:1)
  5 rats
31 creatures vanquished.

Notes
Turn   | Place    | Note
-------+----------+-------------------------------------------
     0 | D:1      | HAL9000 the Vine Stalker Enchanter began the quest for the
                  | Orb.
     0 | D:1      | Reached XP level 1. HP: 9/9 MP: 4/4
   151 | D:1      | Reached XP level 2. HP: 13/13 MP: 6/6
   272 | D:1      | Learned a level 2 spell: Ensorcelled Hibernation
   377 | D:1      | Reached skill level 1 in Short Blades
   629 | D:1      | Reached skill level 4 in Hexes
   629 | D:1      | Reached XP level 3. HP: 16/16 MP: 7/7
   723 | D:2      | Noticed Jessica
   732 | D:2      | Killed Jessica
   788 | D:2      | Learned a level 3 spell: Confuse
   841 | D:2      | Gained mutation: Your natural rate of healing is unusually
                  | fast. [Vine Stalker growth]
   841 | D:2      | Reached XP level 4. HP: 13/21 MP: 2/8
  1351 | D:2      | Noticed Terence
  1492 | D:2      | Slain by Terence

Levels and vault maps discovered:
D:1:      dpeg_arrival_orchard, layout_loops_ring, minmay_pentomino_q4
D:2:      layout_basic, first_ration, uniq_jessica, uniq_terence

Skill      XL: |  1  2 |
---------------+-------+-----
Short Blades   | 1 |  1.4
Hexes          | 4 |  4.9
Dodging        | |  1.5
Stealth        | |  3.6
Spellcasting   | |  2.1

Action                   |  1- 3 |  4- 6 || total
-------------------------+-------+-------++-------
Melee: Dagger            |    52 |    57 ||   109
       Bite              |    10 |    19 ||    29
 Cast: Corona            |     5 |       ||     5
       Ensorcelled Hiber |     1 |     1 ||     2
       Confuse           |     1 |    10 ||    11
 Stab: Sleeping          |     6 |     3 ||     9
       Confused          |     1 |     1 ||     2
       Distracted        |     1 |       ||     1
  Eat: Chunk             |       |     2 ||     2
Armor: Robe              |    11 |     5 ||    16
Dodge: Dodged            |    34 |    32 ||    66

Table legend:
 A = Non-vault XP
 B = Vault XP
 C = Vault XP percentage of total XP
 D = Non-vault monster count
 E = Vault monster count
 F = Vault count percentage of total count
                 A         B        C        D         E       F
            +---------+---------+-------+---------+---------+-------
      Total |      73 |      44 |  37.6 |      26 |       5 |  16.1
            +---------+---------+-------+---------+---------+-------
        D:1 |      27 |       7 |  20.6 |      13 |       4 |  23.5
        D:2 |      46 |      37 |  44.6 |      13 |       1 |   7.1
            +---------+---------+-------+---------+---------+-------
